 Dungeon Crawl Stone Soup version 0.20.1-1-g8b1a95d (webtiles) character file.

57 digijack the Insei (level 4, -2/28 HPs)
             Began as an Octopode Transmuter on Oct 7, 2017.
             Slain by a kobold
             ... wielding a +1 short sword of protection
              (7 damage)
             ... on level 3 of the Dungeon.
             The game lasted 00:25:31 (1962 turns).

digijack the Insei (Octopode Transmuter)            Turns: 1962, Time: 00:25:31

Health: -2/28      AC:  1    Str:  7 (10) XL:     4   Next: 0%
Magic:  6/7        EV: 13    Int: 13 (15) God:
Gold:   191        SH:  0    Dex: 10 (12) Spells: 4/7 levels left

rFire    . . .     SeeInvis .   g - -1 dagger (curse)
rCold    . . .     Gourm    .   (no shield)
rNeg     . . .     Faith    .   (helmet restricted)
rPois    .         Spirit   .   (no amulet)
rElec    .         Reflect  .   (no ring)
rCorr    .         Harm     .   (no ring)
MR       .....                  (no ring)
Stlth    ++........             (no ring)
Regen    0.1/turn               (no ring)
MPRegen  0.1/turn               (no ring)
                                (no ring)
                                (no ring)

@: lethally poisoned (-2 -> -5), appendage
A: almost no armour, stealthy swim, amphibious, 8 rings, constrict 8, tentacle
spike 3, camouflage 1, gelatinous body 1
a: End Transformation


You were on level 3 of the Dungeon.
You were not hungry.
One of your tentacles had a temporary spike.
You visited 1 branch of the dungeon, and saw 3 of its levels.

You collected 191 gold pieces.

Inventory:

Hand Weapons
 e - a +0 club
 g - a cursed -1 dagger (weapon)
 k - a cursed -1 short sword
 m - a cursed -1 dagger
 o - a +0 dagger
Missiles
 a - 58 arrows
 h - 136 stones (quivered)
 n - 4 poisoned needles
 r - 26 bolts
Scrolls
 i - 2 scrolls of identify
 q - a scroll of fog
Potions
 j - a potion of mutation {unknown}
Books
 b - a book of Changes

   Spells                             Type                      Level
   a - Beastly Appendage              Transmutation                1
   b - Sticks to Snakes               Transmutation                2
   c - Spider Form                    Transmutation/Poison         3
   d - Ice Form                       Ice/Transmutation            4
   e - Blade Hands                    Transmutation                5
 f - a book of Maledictions

   Spells                             Type                      Level
   a - Corona                         Hexes                        1
   b - Ensorcelled Hibernation        Hexes/Ice                    2
   c - Confuse                        Hexes                        3
   d - Tukima's Dance                 Hexes                        3
   e - Dazzling Spray                 Conjuration/Hexes            3
Comestibles
 c - a bread ration
 d - 3 chunks of flesh
 p - a royal jelly


   Skills:
 + Level 1.2 Fighting
 * Level 1.6 Short Blades
 - Level 0.4 Maces & Flails
 + Level 2.1 Dodging
 + Level 1.3 Stealth
 - Level 3.1 Unarmed Combat
 + Level 2.2 Spellcasting
 * Level 2.8 Transmutations


You had 4 spell levels left.
You knew the following spells:

 Your Spells              Type           Power        Failure   Level  Hunger
a - Beastly Appendage     Tmut           #.....       8%          1    ##.....
b - Sticks to Snakes      Tmut           #.......     12%         2    ###....


Dungeon Overview and Level Annotations

Branches:
Dungeon (3/15)

Altars:

Portals:
Sewer: D:3


Innate Abilities, Weirdness & Mutations

You cannot wear most types of armour.
You are very stealthy in the water. (Stealth+)
You are amphibious.
You can wear up to eight rings at the same time.
You can use your tentacles to constrict eight enemies at once.
Your skin changes colour to match your surroundings (Stealth+).
Your rubbery body absorbs attacks. (AC +1, EV +1)
One of your tentacles bears a large vicious spike.


Message History

You hear the slow rusting of a distant drain.
You constrict the adder.
You kill the adder!
You feel your intelligence returning.
You have reached level 4!
The kobold barely misses you.
Your extra speed is starting to run out.
You feel sick.
You see here a ruby potion.
j - a ruby potion
Casting: Beastly Appendage
Confirm with . or Enter, or press ? or * to list all spells.
One of your tentacles grows a vicious spike.
You feel sick.
You hit the kobold but do no damage. Your grab misses the kobold.
Your tentacle spike misses the kobold.
Your squeeze misses the kobold.
You feel yourself slow down.
You hit the kobold but do no damage. Your grab misses the kobold.
The kobold hits you with a short sword of protection!
You die...

#............#
#............#
#...........##
##.........##
#.#..
##!..#....###
#.##.
###K####...###.##.
###.####..........
#.K....#..........
#@.....#....#.....
#......#.......#..
#........###......
#......###.......#
#......# #.##....#
#..........#...###
#............#####
#...........# #...
......# #.##


You could see 2 kobolds.

Vanquished Creatures
  3 adders
  A worm (D:2)
  A leopard gecko (D:1)
  2 ball pythons
  2 giant cockroaches (D:2)
  4 goblins
  2 hobgoblins (D:1)
  6 kobolds
  5 bats
  A frilled lizard (D:2)
  4 rats
31 creatures vanquished.

Notes
Turn   | Place    | Note
-------+----------+-------------------------------------------
     0 | D:1      | digijack the Octopode Transmuter began the quest for the Orb.
     0 | D:1      | Reached XP level 1. HP: 13/13 MP: 3/3
   267 | D:1      | Reached XP level 2. HP: 18/18 MP: 3/5
   274 | D:1      | Learned a level 2 spell: Sticks to Snakes
   622 | D:1      | Reached skill level 1 in Short Blades
   779 | D:1      | Reached XP level 3. HP: 22/23 MP: 4/6
   801 | D:1      | Learned a level 3 spell: Spider Form
  1582 | D:2      | Reached skill level 1 in Stealth
  1885 | D:3      | Noticed an ogre
  1897 | D:3      | Found a glowing drain.
  1952 | D:3      | Reached XP level 4. HP: 6/28 MP: 7/7
  1962 | D:3      | Slain by a kobold

Skill      XL: |  1  2  3 |
---------------+----------+-----
Short Blades   | 1 |  1.6
Stealth        | 1 |  1.3
Fighting       | |  1.2
Maces & Flails | |  0.4
Dodging        | |  2.1
Unarmed Combat | |  3.1
Spellcasting   | |  2.2
Transmutations | |  2.8

Action                   |  1- 3 |  4- 6 || total
-------------------------+-------+-------++-------
Melee: Club              |     5 |       ||     5
       Constrict         |    22 |       ||    22
       Dagger            |    80 |     2 ||    82
       Unarmed           |     5 |       ||     5
       Tentacles         |    18 |       ||    18
       Kick              |    14 |       ||    14
       Punch             |     1 |       ||     1
 Cast: Beastly Appendage |    21 |     1 ||    22
       Spider Form       |     3 |       ||     3
       Sticks to Snakes  |     1 |       ||     1
  Use: Scroll            |     5 |       ||     5
       Potion            |     9 |       ||     9
 Stab: Sleeping          |     3 |       ||     3
  Eat: Chunk             |     2 |       ||     2
       Meat ration       |     1 |       ||     1
Armor: Skin              |    13 |       ||    13
Dodge: Dodged            |    66 |     1 ||    67
